 Dungeon Crawl Stone Soup version 0.19-a0-450-g98b348d (webtiles) character file.

4 Duffy the Chopper (level 1, 13/16 HPs)
             Began as a Mummy Gladiator on June 1, 2016.
             Quit the game on level 1 of the Dungeon.
             The game lasted 00:00:19 (131 turns).

Duffy the Chopper (Mummy Gladiator)                  Turns: 131, Time: 00:00:20

Health: 13/16      AC:  4    Str: 18    XL:     1   Next: 50%
Magic:  1/1        EV:  8    Int:  7    God:
Gold:   14         SH:  7    Dex: 12    Spells: 0 memorised, 0 levels left

rFire  x . .     SeeInvis .     a - +0 war axe
rCold  + . .     Gourm    .     b - +0 leather armour
rNeg   + + +     Faith    .     f - +0 shield
rPois  ∞         Spirit   .     c - +0 helmet
rElec  .         Dismiss  .     (no cloak)
rCorr  .         Reflect  .     (no gloves)
SustAt .         Harm     .     (no boots)
MR     .....                    g - amulet of inaccuracy (curse)
Stlth  +.........               (no ring)
                                (no ring)

@: drained, not resistant to hostile enchantments, very unstealthy
A: no food or potions, fire vulnerability, cold resistance 1, negative energy
resistance 3, torment resistance, unbreathing
a: no special abilities


You were on level 1 of the Dungeon.
You were not hungry.

You visited 1 branch of the dungeon, and saw 1 of its levels.

You collected 14 gold pieces.


Innate Abilities, Weirdness & Mutations

You do not eat or drink.
Your flesh is vulnerable to fire.
You are immune to poison.
Your flesh is cold resistant. (rC+)
You are immune to negative energy. (rN+++)
You are immune to unholy pain and torment.
You can survive without breathing.


   Skills:
 - Level 2.0(0.9) Fighting
 + Level 2.7(1.6) Axes
 - Level 1.5(0.5) Throwing
 - Level 2.4(1.3) Dodging


You couldn't memorise any spells.
You didn't know any spells.

Inventory:

Hand Weapons
 a - a +0 war axe (weapon)
Missiles
 d - 3 throwing nets (quivered)
Armour
 b - a +0 leather armour (worn)
 c - a +0 helmet (worn)
 f - a +0 shield (worn)
Jewellery
 e - an uncursed amulet of harm
 g - a cursed amulet of inaccuracy (around neck)

Dungeon Overview and Level Annotations

Branches:
Dungeon (1/15)

Altars:


Message History

You barely miss the goblin. The goblin hits you but does no damage.
You slash the goblin!
You kill the goblin!
No target in view!
No target in view!
No target in view!
No target in view!
No target in view!
No target in view!
No target in view!
No target in view!
No target in view!
No target in view!
You see here a rat corpse.
A rat comes into view.
You see here a shield.
You closely miss the rat. The rat barely misses you.
You slash the rat!
You kill the rat!
No target in view!
No target in view!
No target in view!
No target in view!
No target in view!
No target in view!
No target in view!
No target in view!
You see here a shield.
e - a blackened bronze amulet Put on which piece of jewellery? (? for menu, Esc to quit)
e - an amulet of harm (around neck)
You now have 14 gold pieces.
You see here a shield.
f - a shield Wear which item? (? for menu, Esc to quit)
You start putting on your armour.
You continue putting on your shield. x4
You finish putting on your +0 shield.
Found 18 bolts.
g - a runed golden amulet Put on which piece of jewellery? (? for menu, Esc to quit)
Really remove
e - an amulet of harm? [Y]es or [N]o only, please.
Really remove
e - an amulet of harm?
You remove your amulet of harm.
The amulet drains your animating force as you remove it!
You feel drained.
Oops, that amulet feels deathly cold.
g - a cursed amulet of inaccuracy (around neck)
You aren't carrying any spellbooks or scrolls.
Are you sure you want to abandon this character and quit the game? (Confirm with "yes".)

#.# .# #.. .# #.(#.# ..#.# #.#.#
# # #...#.# # #...#.# #
##########@.#.# # #..........>..#
# #.............#
#######.............#
##...##....%........#
##.#.##.............#
##.#.##............)#############
##.#.##...........%..............
##.#.##............#############.


There were no monsters in sight!

Action                   || total
-------------------------++-------
Melee: War axe           ||     9
Dodge: Dodged            ||     4

Notes
Turn   | Place    | Note
--------------------------------------------------------------
     0 | D:1      | Duffy the Mummy Gladiator began the quest for the Orb.
     0 | D:1      | Reached XP level 1. HP: 16/16 MP: 1/1
   131 | D:1      | Quit the game

Vault maps used:
D:1:      dpeg_arrival_simpleton_b

Vanquished Creatures
  2 goblins
  2 rats
4 creatures vanquished.
